Map: Frost LE

Players

Gracz - Winner!

  • Race: Protoss Protoss
  • League: Bronze

Iarba

  • Race: Terran Terran
  • League: Silver

VOD

Have the link to the VOD?

Description

Time

  • Played on: Sept. 18, 2016, 11:28 a.m.
  • Length: 12:40
Show
View Real Time Build Order
Export as new Build Order

Gracz Protoss - Winner!

Build Orders:  

Get SALT Encoding   

  12  0:01  Probe (Chrono Boost)  
  13  0:12  Probe (Chrono Boost)  
  14  0:21  Pylon  
  14  0:23  Probe (Chrono Boost)  
  15  0:39  Probe (Chrono Boost)  
  16  0:49  Probe (Chrono Boost)  
  17  1:00  Probe (Chrono Boost)  
  18  1:11  Probe (Chrono Boost)  
  19  1:18  Assimilator  
  19  1:51  Pylon, Forge  
  19  2:00  Nexus  
  19  2:02  Probe (Chrono Boost)  
  20  2:12  Gateway  
  20  2:13  Gateway  
  20  2:16  Gateway  
  20  2:17  Probe (Chrono Boost)  
  21  2:59  Zealot  
  21  3:00  Zealot  
  25  3:12  Pylon, Zealot  
  27  3:26  Zealot  
  31  3:27  Zealot  
  31  3:39  Zealot  
  33  3:54  Zealot x2  
  37  4:00  Protoss Ground Weapons Level 1  
  37  4:03  Probe x2 (Chrono Boost)  
  37  4:04  Cybernetics Core  
  37  4:06  Zealot  
  41  4:14  Probe x2 (Chrono Boost)  
  43  4:21  Zealot x2  
  47  4:24  Probe (Chrono Boost)  
  47  4:25  Probe (Chrono Boost)  
  47  4:35  Warp Gate  
  47  4:43  Pylon  
  47  4:46  Robotics Facility  
  47  5:01  Probe (Chrono Boost), Zealot  
  47  5:02  Probe (Chrono Boost)  
  51  5:11  Probe (Chrono Boost)  
  51  5:15  Probe (Chrono Boost)  
  43  5:27  Probe (Chrono Boost)  
  34  5:31  Stalker x2  
  34  5:35  Gateway  
  38  5:38  Gateway  
  38  5:44  Assimilator  
  38  5:48  Probe (Chrono Boost)  
  40  5:50  Probe (Chrono Boost)  
  40  5:51  Assimilator  
  40  5:54  Assimilator  
  40  6:01  Immortal  
  44  6:11  Probe (Chrono Boost)  
  46  6:12  Probe (Chrono Boost)  
  46  6:21  Probe (Chrono Boost)  
  46  6:24  Probe (Chrono Boost)  
  44  6:56  Immortal  
  48  7:03  Stargate, Stalker x3  
  48  7:05  Stargate  
  54  7:16  Pylon  
  54  7:34  Probe (Chrono Boost)  
  54  7:36  Stalker x3, Probe (Chrono Boost)  
  62  7:45  Probe (Chrono Boost)  
  62  7:48  Stalker x2, Probe (Chrono Boost)  
  46  7:59  Stalker x2  
  46  8:00  Stalker  
  52  8:12  Stalker  
  54  8:20  Void Ray x2  
  54  8:22  Pylon  
  62  8:30  Gateway  
  62  8:33  Gateway  
  62  8:44  Twilight Council  
  62  8:47  Pylon  
  62  8:51  Pylon  
  62  8:56  Pylon  
  62  8:59  Pylon, Stalker x2  
  62  9:00  Stalker  
  68  9:07  Nexus  
  68  9:10  Assimilator  
  68  9:11  Stalker  
  68  9:13  Assimilator  
  68  9:15  Pylon  
  70  9:19  Pylon  
  70  9:22  Void Ray x2  
  78  9:35  Observer  
  78  9:37  Stalker  
  77  9:46  Stalker  
  77  9:47  Stalker  
  65  9:54  Stalker x3  
  63  10:02  Stalker  
  51  10:18  Stalker  
  51  10:19  Stalker  
  51  10:20  Stalker  
  51  10:21  Stalker x2  
  61  10:34  Pylon, Stalker  
  57  11:16  Stalker x2  
  57  11:17  Stalker x2  
  57  11:18  Stalker  
  63  11:19  Stalker  
  63  11:20  Void Ray x2  
  59  11:45  Stalker  
  59  11:46  Stalker  
  62  11:47  Stalker  
  62  11:48  Stalker x3  
  70  11:56  Probe (Chrono Boost)  
  71  12:06  Probe (Chrono Boost)  
  72  12:17  Probe (Chrono Boost)  
  67  12:38  Stalker x3  
  73  12:39  Stalker  
Show
View Real Time Build Order
Export as new Build Order

Iarba Terran 

Build Orders:  

Get SALT Encoding   

  12  0:03  SCV  
  13  0:15  SCV  
  13  0:21  Supply Depot  
  14  0:27  SCV  
  15  0:42  SCV  
  16  0:45  Barracks  
  16  0:52  Supply Depot  
  16  1:03  SCV  
  17  1:13  Refinery  
  17  1:14  Supply Depot  
  17  1:15  SCV  
  18  1:27  SCV  
  19  1:34  Barracks, Marine, Refinery  
  20  1:48  SCV  
  20  1:50  Engineering Bay  
  21  2:08  Barracks Tech Lab  
  21  2:19  SCV  
  22  2:31  SCV  
  22  2:34  Barracks  
  22  2:36  Barracks Reactor  
  23  2:43  SCV  
  24  2:55  SCV  
  25  3:07  SCV  
  26  3:24  Marine x4  
  29  3:42  Marine x4  
  33  3:49  Factory  
  33  3:59  Marine  
  33  4:00  Marine x3  
  37  4:17  Marine  
  37  4:18  Marine  
  39  4:29  Marine  
  39  4:30  Marine  
  33  4:41  Marine  
  33  4:42  Marine  
  33  4:44  Factory Tech Lab  
  35  4:47  Marine  
  35  4:48  Marine  
  35  4:51  Missile Turret  
  37  4:58  Starport  
  37  4:59  Marine  
  38  5:00  Marine  
  38  5:02  Starport  
  39  5:22  Marine  
  39  5:23  Marine  
  39  5:37  Supply Depot  
  39  5:38  Supply Depot  
  39  5:39  Terran Infantry Weapons Level 1  
  39  5:47  Supply Depot  
  39  5:48  Supply Depot  
  39  5:54  Starport Reactor  
  39  5:55  Starport Reactor  
  39  5:58  Marine x4, Siege Tank  
  46  6:10  Missile Turret  
  46  6:12  Missile Turret  
  46  6:16  Marine x3  
  46  6:18  Command Center  
  49  6:29  Combat Shields  
  49  6:34  Marine  
  49  6:38  Siege Tank  
  51  6:55  Marine x4  
  55  7:12  Marine x2  
  57  7:33  Terran Infantry Armor Level 1  
  57  7:38  Supply Depot  
  48  8:01  Supply Depot  
  48  8:22  SCV  
  49  8:32  Supply Depot  
  50  8:34  SCV  
  50  8:39  Siege Tank  
  53  8:46  SCV  
  54  8:50  Marine x3  
  57  8:58  SCV  
  57  9:00  Medivac  
  60  9:08  Planetary Fortress  
  60  9:10  SCV  
  60  9:11  Siege Tank  
  60  9:14  Supply Depot  
  64  9:43  Siege Tank  
  48  10:12  Marine  
  48  10:13  Marine x3  
  45  10:15  Siege Tank  
  45  10:30  Marine  
  45  10:31  Marine x3  
  45  10:34  Supply Depot  
  49  10:48  Marine  
  49  10:49  Marine x3  
  35  11:06  Missile Turret, Marine x4  
  34  11:22  Missile Turret  
  34  11:24  Marine x2  
  34  11:25  Missile Turret  
  31  11:40  Siege Tank  
  34  11:50  Supply Depot  
  34  11:54  Supply Depot  
Tags
 
Add a new tag
Caveats
  • Supply blocks, unpowered buildings, or Contaminate may cause inaccurate times.
  • Supply counts are checked every 10 seconds.